 Dungeon Crawl Stone Soup version 0.30-b1-2-g02819fbbbe (webtiles) character file.

Game seed: 3247844151392676626

158 Galthrax the Insei (level 5, -3/41 HPs)
             Began as a Gnoll Transmuter on May 20, 2023.
             Killed from afar by Ijyb (18 damage)
             ... with a bolt of dispelling energy
             ... on level 3 of the Dungeon.
             The game lasted 00:04:29 (2179 turns).

Galthrax the Insei (Gnoll Transmuter)               Turns: 2179, Time: 00:04:30

Health: -3/41      AC:  4    Str:  9    XL:     5   Next: 39%
Magic:  12/12      EV: 13    Int: 15    God:
Gold:   171        SH:  0    Dex: 12    Spells: 13/14 levels left

rFire   . . .        c - +4 short sword
rCold   . . .        (no shield)
rNeg    . . .        a - +0 robe
rPois   .            (no helmet)
rElec   .            (no cloak)
rCorr   .            (no gloves)
SInv    .            g - +1 pair of boots
Will    .....        (no amulet)
Stlth   ++           L - ring of flight
HPRegen 0.26/turn    (no ring)
MPRegen 0.13/turn

%: no passive effects
@: flying
A: fangs 1, strong nose, distributed training
a: no special abilities


You were on level 3 of the Dungeon.
You visited 1 branch of the dungeon, and saw 3 of its levels.

You collected 171 gold pieces.


Innate Abilities, Weirdness & Mutations

You have very sharp teeth.
Your uncanny sense of smell can sniff out nearby items.
Your experience applies equally to all skills.


   Skills:
 + Level 3.0 Fighting
 + Level 1.5 Short Blades
 + Level 1.5 Long Blades
 + Level 1.5 Axes
 + Level 1.5 Maces & Flails
 + Level 1.5 Polearms
 + Level 1.5 Staves
 + Level 1.5 Ranged Weapons
 + Level 1.5 Throwing
 + Level 1.5 Armour
 + Level 4.8 Dodging
 + Level 1.5 Stealth
 + Level 1.5 Shields
 + Level 6.7 Unarmed Combat
 + Level 5.2 Spellcasting
 + Level 1.2 Conjurations
 + Level 1.2 Hexes
 + Level 1.2 Summonings
 + Level 1.2 Necromancy
 + Level 1.2 Translocations
 + Level 4.0 Transmutations
 + Level 1.2 Fire Magic
 + Level 1.2 Ice Magic
 + Level 1.2 Air Magic
 + Level 1.2 Earth Magic
 + Level 1.2 Poison Magic
 + Level 1.7 Invocations
 + Level 1.5 Evocations


You had 13 spell levels left.
You knew the following spells:

 Your Spells              Type           Power      Damage    Failure   Level
b - Beastly Appendage     Tmut           30%        N/A       3%          1

Your spell library contained the following spells:

 Spells                   Type           Power      Damage    Failure   Level
 Wereblood                Tmut           15%        N/A       4%          2
 Magic Dart               Conj           28%        1d4       10%         1
 Blink                    Tloc           14%        N/A       14%         2
 Call Imp                 Summ           14%        N/A       14%         2
 Spider Form              Tmut/Pois      11%        N/A       16%         3
 Mephitic Cloud           Conj/Pois/Air  7%         N/A       28%         3
 Ice Form                 Ice/Tmut       11%        N/A       47%         4
 Manifold Assault         Tloc           7%         N/A       67%         4
 Storm Form               Tmut/Air       5%         N/A       100%        7

Inventory:

Hand Weapons
 c - a +4 short sword (weapon)
   (You took it off a kobold on level 1 of the Dungeon)
 m - the +2 short sword of a Gauntlet {heavy, rF+}
   (You found it on level 2 of the Dungeon)

   rF:        It protects you from fire.
Missiles
 j - 3 poisoned darts
 l - 29 stones
Armour
 a - a +0 robe (worn)
 g - a +1 pair of boots (worn)
   (You found it on level 1 of the Dungeon)
Magical Staves
 d - a staff of conjuration {!a}
   (You found it on level 2 of the Dungeon)
Jewellery
 L - a ring of flight (left hand)
   (You found it on level 2 of the Dungeon)
Scrolls
 n - 4 scrolls of blinking {unknown}
 o - a scroll of identify {unknown}
Potions
 b - 2 potions of lignification {!q}
 e - a potion of mutation {unknown}
 f - 2 potions of might {unknown}
 h - a potion of heal wounds {unknown}
 i - 2 potions of curing {unknown}
 k - a potion of invisibility {unknown}
 p - a potion of haste {unknown}

Dungeon Overview and Level Annotations

Branches:
Dungeon (3/15) Zot: 15796

Altars:
Wu Jian

Shops:
D:2 ((*:

Annotations:
D:3 Ijyb

.........#.###†..#
#.#######.##.....#
####.#.#.# ###
#....#.# ..#
#..###.# #.##.#
#..# #.# #.##.#
#..# #.# #g##.#
#..# #.# #@##.#
#..# #.#
#.##.######..# #.#
#.##... .....###.#
#.##.# ##......
#...)# #####.#
####.# #.# #.# #.#
#.# #######..
#.#####........


You could see Ijyb.


Message History

You are too injured to fight recklessly!
You are too injured to fight recklessly!
You are too injured to fight recklessly!
You are too injured to fight recklessly!
You are too injured to fight recklessly!
You hit the howler monkey zombie.
The howler monkey zombie hits you. 😮 HP[-4]
You take 4 damage, and now have 25/41 hp.
You hit the howler monkey zombie.
Your bite misses the howler monkey zombie.
The howler monkey zombie misses you.
You puncture the howler monkey zombie!
The howler monkey zombie closely misses you.
The howler monkey zombie misses you.
You hit the howler monkey zombie. You bite the howler monkey zombie.
You destroy the howler monkey zombie!
Your Transmutations skill increases to level 4! 😮 HP[+1]
n - 2 scrolls labelled YSTRAN DESE (gained 1)
Things that are here:
a +0 dagger; a goblin corpse
n - 4 scrolls labelled YSTRAN DESE (gained 2)
Found a stone staircase leading down. 😎 HP[+15]
Your hp is fully restored (41).
A quokka comes into view.
A quokka is nearby!
You hit the quokka. You bite the quokka, but do no damage.
The quokka closely misses you. x2
You hit the quokka.
You kill the quokka!
No target in view!
No target in view!
A kobold comes into view.
It is wielding a +0 spear and quivering poisoned darts.
The kobold moves out of view.
There is a stone staircase leading down here.
A bat comes into view.
The bat barely misses you.
You hit the bat.
You kill the bat!
No target in view!
You see here a bat corpse.
A worm comes into view.
A worm is nearby!
You hit the worm. You bite the worm, but do no damage. The worm misses you.
You hit the worm. You hit the worm. The worm barely misses you.
You hit the worm. The worm bites you. 😕 HP[-2]
You take 2 damage, and now have 39/41 hp.
You puncture the worm!
You kill the worm!
No target in view!
No target in view!
b - 2 potions of lignification {!q} (gained 1)
You see here a +0 ring mail.
Found an ornate altar of the Wu Jian Council. 😎 HP[+2]
Your hp is fully restored (41).
You now have 134 gold pieces (gained 6).
You now have 143 gold pieces (gained 9).
You now have 154 gold pieces (gained 11).
l - 29 stones (gained 5)
You now have 171 gold pieces (gained 17).
You see here a +0 whip.
Ijyb the Twisted Goblin comes into view.
She is wielding a +0 club and carrying a wand of quicksilver (11).
Ijyb shouts!
You hit Ijyb but do no damage. Ijyb barely misses you.
You barely miss Ijyb. Ijyb barely misses you.
You barely miss Ijyb.
Ijyb zaps a wand.
The bolt of dispelling energy hits you!
Ijyb zaps a wand.
The bolt of dispelling energy hits you.
* * * LOW HITPOINT WARNING * * *
😨 HP[-21]
You take 21 damage, and now have 20/41 hp.
MASSIVE DAMAGE!! (PAUSE)
c - a +4 short sword (weapon)
😮 HP[+1]
You barely miss Ijyb. Your bite misses Ijyb. Ijyb barely misses you.
You hit Ijyb. You bite Ijyb, but do no damage. Ijyb barely misses you.
You hit Ijyb. Ijyb barely misses you.
You hit Ijyb. Ijyb closely misses you. 😮 HP[+1]
You barely miss Ijyb. You punch Ijyb. You bite Ijyb, but do no damage.
Ijyb hits you with a +0 club.
* * * LOW HITPOINT WARNING * * *
😨 HP[-5]
You take 5 damage, and now have 17/41 hp.
You hit Ijyb. You bite Ijyb, but do no damage. Ijyb closely misses you.
You miss Ijyb. Ijyb barely misses you.
You hit Ijyb. Ijyb hits you with a +0 club.
* * * LOW HITPOINT WARNING * * *
😨 HP[-2]
You take 2 damage, and now have 15/41 hp.
You hit Ijyb but do no damage.
Ijyb zaps a wand.
The bolt of dispelling energy hits you!!
You die...

Skill      XL: |  1  2  3  4  5 |
---------------+----------------+-----
Spellcasting   | 5 |  5.2
Invocations    | 1 |  1.7
Short Blades   | 1 |  1.5
Long Blades    | 1 |  1.5
Axes           | 1 |  1.5
Maces & Flails | 1 |  1.5
Polearms       | 1 |  1.5
Staves         | 1 |  1.5
Ranged Weapons | 1 |  1.5
Throwing       | 1 |  1.5
Armour         | 1 |  1.5
Stealth        | 1 |  1.5
Shields        | 1 |  1.5
Evocations     | 1 |  1.5
Conjurations   | 1 |  1.2
Hexes          | 1 |  1.2
Summonings     | 1 |  1.2
Necromancy     | 1 |  1.2
Translocations | 1 |  1.2
Fire Magic     | 1 |  1.2
Ice Magic      | 1 |  1.2
Air Magic      | 1 |  1.2
Earth Magic    | 1 |  1.2
Poison Magic   | 1 |  1.2
Fighting       | 3 |  3.0
Transmutations | 4 |  4.0
Dodging        | |  4.8
Unarmed Combat | |  6.7

Action                     |  1- 3 |  4- 6 || total
---------------------------+-------+-------++-------
  Melee: Unarmed           |    12 |       ||    12
         Short sword       |    92 |    77 ||   169
         Kick              |     3 |     8 ||    11
         Bite              |     7 |    14 ||    21
         Headbutt          |     1 |     6 ||     7
         Punch             |     2 |     3 ||     5
   Cast: Beastly Appendage |     1 |     4 ||     5
    Use: Scroll            |     3 |       ||     3
   Stab: Sleeping          |     3 |       ||     3
 Armour: Robe              |    22 |    17 ||    39
  Dodge: Dodged            |    52 |    77 ||   129

Levels and vault maps discovered:
D:1:      minmay_arrival_checkered_box, layout_rooms
D:2:      layout_basic, serial_shops, shop, nicolae_shop_pleasant_corner_grove,
          shop, shop
D:3:      layout_loops_ring, nzn_wu_jian_council_hall, serial_undead,
          serial_undead_c, serial_undead_a, serial_undead_b, serial_undead_e,
          serial_undead_f, serial_undead_e, serial_undead_b, serial_undead_c,
          serial_undead_f, serial_undead_c, serial_park_tiny_2, uniq_ijyb

Notes
Turn   | Place    | Note
-------+----------+-------------------------------------------
     0 | D:1      | Galthrax the Gnoll Transmuter began the quest for the Orb.
     0 | D:1      | Reached XP level 1. HP: 17/17 MP: 6/6
     0 | D:1      | magus.rc [v1.11.6]
   112 | D:1      | You add the spells Blink, Manifold Assault and Storm Form
                  | to your library.
   143 | D:1      | Reached XP level 2. HP: 22/23 MP: 7/7
   606 | D:2      | Reached skill level 5 in Spellcasting
   606 | D:2      | Reached XP level 3. HP: 28/28 MP: 7/9
   631 | D:2      | Found Fynir's Book Shoppe.
   650 | D:2      | Found Lipporhi's General Store.
   853 | D:2      | Found Femnux's Weapon Emporium.
   865 | D:2      | Reached skill level 1 in Invocations
  1017 | D:2      | Identified the +2 short sword of a Gauntlet {heavy, rF+}
  1178 | D:2      | Reached skill level 1 in Short Blades
  1178 | D:2      | Reached skill level 1 in Long Blades
  1178 | D:2      | Reached skill level 1 in Axes
  1178 | D:2      | Reached skill level 1 in Maces & Flails
  1178 | D:2      | Reached skill level 1 in Polearms
  1178 | D:2      | Reached skill level 1 in Staves
  1178 | D:2      | Reached skill level 1 in Ranged Weapons
  1178 | D:2      | Reached skill level 1 in Throwing
  1178 | D:2      | Reached skill level 1 in Armour
  1178 | D:2      | Reached skill level 1 in Stealth
  1178 | D:2      | Reached skill level 1 in Shields
  1178 | D:2      | Reached skill level 1 in Evocations
  1181 | D:2      | HP: 7/28 [poisoned by an adder]
  1282 | D:2      | Found Pib Gucu's Weapon Shop.
  1335 | D:2      | Reached XP level 4. HP: 34/34 MP: 11/11
  1496 | D:3      | Reached skill level 1 in Conjurations
  1496 | D:3      | Reached skill level 1 in Hexes
  1496 | D:3      | Reached skill level 1 in Summonings
  1496 | D:3      | Reached skill level 1 in Necromancy
  1496 | D:3      | Reached skill level 1 in Translocations
  1496 | D:3      | Reached skill level 1 in Fire Magic
  1496 | D:3      | Reached skill level 1 in Ice Magic
  1496 | D:3      | Reached skill level 1 in Air Magic
  1496 | D:3      | Reached skill level 1 in Earth Magic
  1496 | D:3      | Reached skill level 1 in Poison Magic
  1618 | D:3      | Reached XP level 5. HP: 22/40 MP: 12/12
  1694 | D:3      | You add the spells Magic Dart, Call Imp and Mephitic Cloud
                  | to your library.
  1808 | D:3      | Reached skill level 3 in Fighting
  1864 | D:3      | Reached skill level 4 in Transmutations
  2025 | D:3      | Found an ornate altar of the Wu Jian Council.
  2162 | D:3      | Noticed Ijyb
  2179 | D:3      | Killed from afar by Ijyb

Vanquished Creatures
  2 scorpion zombies (D:3)
  A hound skeleton (D:3)
  A howler monkey zombie (D:3)
  2 adders (D:2)
  2 adder zombies (D:3)
  An adder skeleton (D:3)
  3 worms
  4 endoplasms
  2 giant cockroaches
  9 goblins
  A hobgoblin (D:2)
  2 jackals (D:1)
  5 kobolds
  3 quokkas
  A ball python (D:1)
  A ball python skeleton (D:3)
  2 ball python zombies (D:3)
  A bat (D:3)
  4 frilled lizards
  A quokka zombie (D:3)
  3 rats (D:1)
51 creatures vanquished.

Vanquished Creatures (others)
  2 withered plants (D:3)
2 creatures vanquished.

Grand Total: 53 creatures vanquished

Table legend:
 A = Non-vault XP
 B = Vault XP
 C = Vault XP percentage of total XP
 D = Non-vault monster count
 E = Vault monster count
 F = Vault count percentage of total count
                 A         B        C        D         E       F
            +---------+---------+-------+---------+---------+-------
      Total |      99 |     127 |  56.2 |      40 |      11 |  21.6
            +---------+---------+-------+---------+---------+-------
        D:1 |      32 |       0 |   0.0 |      19 |       0 |   0.0
        D:2 |      53 |       0 |   0.0 |      15 |       0 |   0.0
        D:3 |      14 |     127 |  90.1 |       6 |      11 |  64.7
            +---------+---------+-------+---------+---------+-------

Skill      XL: |  1  2  3  4  5 |
---------------+----------------+-----
Spellcasting   | 5 |  5.2
Invocations    | 1 |  1.7
Short Blades   | 1 |  1.5
Long Blades    | 1 |  1.5
Axes           | 1 |  1.5
Maces & Flails | 1 |  1.5
Polearms       | 1 |  1.5
Staves         | 1 |  1.5
Ranged Weapons | 1 |  1.5
Throwing       | 1 |  1.5
Armour         | 1 |  1.5
Stealth        | 1 |  1.5
Shields        | 1 |  1.5
Evocations     | 1 |  1.5
Conjurations   | 1 |  1.2
Hexes          | 1 |  1.2
Summonings     | 1 |  1.2
Necromancy     | 1 |  1.2
Translocations | 1 |  1.2
Fire Magic     | 1 |  1.2
Ice Magic      | 1 |  1.2
Air Magic      | 1 |  1.2
Earth Magic    | 1 |  1.2
Poison Magic   | 1 |  1.2
Fighting       | 3 |  3.0
Transmutations | 4 |  4.0
Dodging        | |  4.8
Unarmed Combat | |  6.7

Action                     |  1- 3 |  4- 6 || total
---------------------------+-------+-------++-------
  Melee: Unarmed           |    12 |       ||    12
         Short sword       |    92 |    77 ||   169
         Kick              |     3 |     8 ||    11
         Bite              |     7 |    14 ||    21
         Headbutt          |     1 |     6 ||     7
         Punch             |     2 |     3 ||     5
   Cast: Beastly Appendage |     1 |     4 ||     5
    Use: Scroll            |     3 |       ||     3
   Stab: Sleeping          |     3 |       ||     3
 Armour: Robe              |    22 |    17 ||    39
  Dodge: Dodged            |    52 |    77 ||   129

Illustrated notes

Table legend:
 A = Kills in this place as a percentage of kills in the entire game.
 B = Kills by you in this place as a percentage of kills by you in the entire game.
 C = Kills by friends in this place as a percentage of kills by friends in the entire game.
 D = Other kills in this place as a percentage of other kills in the entire game.
 E = Experience gained in this place as a percentage of experience gained in the entire game.
 F = Experience gained in this place divided by the number of levels of this place that you have seen.
                   A       B       C       D       E      F
               +-------+-------+-------+-------+-------+----------------------
         Total | 100.0 | 100.0 |   N/A |   N/A | 100.0 |  75.3
       Dungeon | 100.0 | 100.0 |   N/A |   N/A | 100.0 |  75.3
               +-------+-------+-------+-------+-------+----------------------

Table legend: (Time is in decaauts)
 A = Elapsed time spent in this place.
 B = Non-inter-level travel time spent in this place.
 C = Inter-level travel time spent in this place.
 D = Time resting spent in this place.
 E = Time spent auto-exploring this place.
 F = Levels seen in this place.
 G = Mean time per level.
                   A        B        C        D        E       F      G
               +--------+--------+--------+--------+--------+-----+--------+
         Total |   2202 |   2172 |     30 |      0 |   1765 |   3 |  734.0 |
       Dungeon |   2202 |   2172 |     30 |      0 |   1765 |   3 |  734.0 |
               +--------+--------+--------+--------+--------+-----+--------+

Top non-repeatable levels by time:
     D:2: 877 daAuts
     D:3: 734 daAuts
     D:1: 591 daAuts
